 Dungeon Crawl Stone Soup version 0.23-a0-642-g3120c2f (console) character file.

11 Duffy the Firebug (level 2, 19/19 HPs)
             Began as a Demonspawn Fire Elementalist on Dec 30, 2018.
             Quit the game on level 1 of the Dungeon.
             The game lasted 00:00:29 (350 turns).

Duffy the Firebug (Demonspawn Fire Elementalist)     Turns: 350, Time: 00:00:30

Health: 19/19      AC:  2    Str:  8    XL:     2   Next: 17%
Magic:  1/5        EV: 12    Int: 16    God:
Gold:   9          SH:  0    Dex: 13    Spells: 4/5 levels left

rFire    . . .     SeeInvis .   (no weapon)
rCold    . . .     Gourm    .   (no shield)
rNeg     . . .     Faith    .   a - +0 robe
rPois    .         Spirit   .   (helmet restricted)
rElec    .         Reflect  .   (no cloak)
rCorr    .         Harm     +   (no gloves)
MR       .....                  (no boots)
Stlth    ++........             d - amulet of harm
HPRegen  0.06/turn              (no ring)
MPRegen  0.09/turn              (no ring)

@: very slightly contaminated
A: horns 1
a: no special abilities


You were on level 1 of the Dungeon.
You were not hungry.

You visited 1 branch of the dungeon, and saw 1 of its levels.

You collected 9 gold pieces.

Inventory:

Armour
 a - a +0 robe (worn)
Jewellery
 d - an amulet of harm (around neck)
Comestibles
 b - 2 chunks of flesh
 c - a ration


   Skills:
 - Level 1.7 Dodging
 - Level 1.7 Stealth
 + Level 2.2 Spellcasting
 + Level 1.5 Conjurations
 + Level 2.9 Fire Magic


You had 4 spell levels left.
You knew the following spells:

 Your Spells              Type           Power        Failure   Level  Hunger
h - Flame Tongue          Conj/Fire      #....        9%          1    #......

Your spell library contained the following spells:

 Spells                   Type           Power        Failure   Level  Hunger
 Throw Flame              Conj/Fire      #.....       12%         2    ###....
 Conjure Flame            Conj/Fire      #.......     24%         3    ###....
 Inner Flame              Hex/Fire       #.......     32%         3    ###....
 Sticky Flame             Conj/Fire      #.......     63%         4    #####..
 Fireball                 Conj/Fire      #.........   92%         5    ######.


Dungeon Overview and Level Annotations

Branches:
Dungeon (1/15)

Altars:


Innate Abilities, Weirdness & Mutations

You have a pair of small horns on your head.


Message History

A goblin comes into view. It is wielding a +0 club.
Casting: Flame Tongue (safe; 9% risk of failure)
Confirm with . or Enter, or press ? or * to list all spells.
Aiming: Flame Tongue (safe; 9% risk of failure)
Press: ? - help, Shift-Dir - straight line, f/p - rat
Aim: a rat (severely wounded)
You miscast Flame Tongue.
You are very lightly contaminated with residual magic.
Nothing appears to happen.
The rat closely misses you.
Casting: Flame Tongue (safe; 9% risk of failure)
Confirm with . or Enter, or press ? or * to list all spells.
Aiming: Flame Tongue (safe; 9% risk of failure)
Press: ? - help, Shift-Dir - straight line, f/p - rat
Aim: a rat (severely wounded)
The flame tongue misses the rat.
The rat closely misses you. The rat barely misses you.
Found a dark potion.
Things that are here:
a +0 dagger; a kobold corpse Are you sure you want to abandon this character and quit the game? (Confirm

#..#.# #....#
#.#### #....#
#####.#####
###.........#
.....##.###.#
###...#.# #.
#r@#
..........!....
##...#.g.##.###
#........#
#.#..#...# #
#....... #.
#.... #. ......


You could see a goblin and a rat.

Vanquished Creatures
  An ooze (D:1)
  A leopard gecko (D:1)
  A giant cockroach (D:1)
  A kobold (D:1)
  4 rats (D:1)
8 creatures vanquished.

Notes
Turn   | Place    | Note
-------+----------+-------------------------------------------
     0 | D:1      | Duffy the Demonspawn Fire Elementalist began the quest for
                  | the Orb.
     0 | D:1      | Reached XP level 1. HP: 13/13 MP: 3/3
   135 | D:1      | Gained mutation: You have a pair of small horns on your
                  | head. [demonic ancestry]
   135 | D:1      | Reached XP level 2. HP: 19/19 MP: 0/5
   350 | D:1      | Quit the game

Vault maps used:
D:1:      dpeg_arrival_renting

Action                   || total
-------------------------++-------
 Cast: Flame Tongue      ||    17
Armor: Robe              ||     3
Dodge: Dodged            ||    12

Table legend:
 A = Non-vault XP
 B = Vault XP
 C = Vault XP percentage of total XP
 D = Non-vault monster count
 E = Vault monster count
 F = Vault count percentage of total count
                 A         B        C        D         E       F
            +---------+---------+-------+---------+---------+-------
      Total |      17 |       0 |   0.0 |       8 |       0 |   0.0
            +---------+---------+-------+---------+---------+-------
        D:1 |      17 |       0 |   0.0 |       8 |       0 |   0.0
            +---------+---------+-------+---------+---------+-------
